 Seeded DCSS version 0.31-a0-360-gb3e1d13bf4 (webtiles) character file.

Game seed: 13025550178079560582 (custom seed)

415 bmack86 the Cleaver (level 6, -3/51 HPs)
             Began as a Minotaur Fighter on July 27, 2023.
             Was an Initiate of Okawaru.
             Succumbed to Duvessa's poison
             ... on level 5 of the Dungeon.
             The game lasted 00:07:33 (3094 turns).

bmack86 the Cleaver (Minotaur Fighter)              Turns: 3094, Time: 00:07:34

Health: -3/51      AC: 10    Str: 23    XL:     6   Next: 60%
Magic:  5/5        EV:  7    Int:  5    God:    Okawaru [......]
Gold:   219        SH:  8    Dex:  9    Spells: 5/5 levels left

rFire   + . .        a - +0 war axe
rCold   + . .        t - +0 kite shield
rNeg    . . .        i - +0 chain mail
rPois   +            (helmet restricted)
rElec   +            p - +0 cloak
rCorr   +            (no gloves)
SInv    .            (no boots)
Will    .....        (no amulet) Stlth
                     (no ring)
HPRegen 0.28/turn    (no ring)
MPRegen 0.09/turn

%: no passive effects
@: mighty, lethally poisoned (-3 -> -16), resistant
A: horns 2, retaliatory headbutt
a: Renounce Religion


You were on level 5 of the Dungeon.
You worshipped Okawaru.
Okawaru was noncommittal.
You visited 2 branches of the dungeon, and saw 6 of its levels.

You collected 219 gold pieces.

Inventory:

Hand Weapons
 a - a +0 war axe (weapon)
Armour
 b - a +0 scale mail
 c - a +0 buckler
 i - a +0 chain mail (worn)
 p - a +0 cloak (worn)
 t - a +0 kite shield (worn)
Scrolls
 h - 2 scrolls of fog {unknown}
 l - a scroll of teleportation {unknown}
 n - 2 scrolls of identify {unknown}
 q - a scroll of revelation {unknown}
 s - a scroll of fear {unknown}
 u - a scroll of vulnerability {unknown}
Potions
 e - 3 potions of enlightenment {unknown}
 f - a potion of lignification {unknown}
 g - 3 potions of haste {unknown}
 j - a potion of ambrosia {unknown}
 k - a potion of magic {unknown}
 m - a potion of berserk rage {unknown}
 o - 3 potions of curing
 r - a potion of resistance


   Skills:
 - Level 3.6 Fighting
 * Level 8.4 Axes
 - Level 3.6 Armour
 - Level 3.6 Shields
 + Level 1.2 Invocations


You had 5 spell levels left.
You didn't know any spells.
Your spell library contained the following spells:

 Spells                   Type           Power      Damage    Failure   Level
 Static Discharge         Conj/Air       0%         2-2/arc   100%        2
 Airstrike                Air            0%         2d(0-16)  100%        4
 Summon Lightning Spire   Summ/Air       Unusable   N/A       N/A         4

Dungeon Overview and Level Annotations

Branches:
Dungeon (5/15)             Temple (1/1) D:5

Altars:
Ashenzari
Dithmenos
Fedhas
Gozag
Kikubaaqudgha
Okawaru
Qazlal
Sif Muna
Uskayaw
Vehumet
Wu Jian
Xom
Yredelemnul
Zin
The Shining One

Annotations:
D:5 Dowan


Innate Abilities, Weirdness & Mutations

You have a pair of horns on your head.
You reflexively headbutt those who attack you in melee.


Message History

You closely miss Duvessa.
Duvessa is severely wounded.
You closely miss Dowan.
Duvessa says, "My weaknesses are his strengths!"
Duvessa hits you but does no damage.
You are poisoned.
Dowan hits you but does no damage. Duvessa barely misses you.
You barely miss Dowan.
Dowan is heavily wounded.
You hit Duvessa but do no damage.
You feel very sick.
Duvessa hits you with a +3 rapier of venom.
You are more poisoned.
You block Dowan's attack.
Duvessa hits you with a +3 rapier of venom.
You are lethally poisoned!
You closely miss Dowan. Your headbutt misses Dowan.
Dowan is heavily wounded.
You slash Duvessa!
You kill Duvessa!
Okawaru is honoured by your kill.
Dowan screams, "No!
No!"
Dowan seems to find hidden reserves of power!
You feel extremely sick. Dowan hits you with a +0 dagger.
You block Dowan's attack.
Your Invocations skill increases to level 1!
You closely miss Dowan. Your headbutt misses Dowan.
Dowan is heavily wounded.
* * * LOW HITPOINT WARNING * * *
You feel very sick.
Dowan says, "Magic will overcome all!"
Dowan hits you with a +0 dagger.
* * * LOW HITPOINT WARNING * * *
Dowan hits you but does no damage.
The ogre hits you with a +0 giant spiked club!
* * * LOW HITPOINT WARNING * * *
You hit Dowan.
Dowan is heavily wounded.
You hit the ogre.
You die...

#......#.# # ..###
#####......#.### #
....).#...............
## #...).##....<#.###
#.
....)..##.########.####
#. .....## #..#
#...>(... #. ....#
##.####........ #. ...#
##......O...... #. ?.!
#....)....)@e...... #.
.. #....######........
#. ####. ....##### #. #
.....# #. #.....# #.
#.....# #. #...### #.
..### #. #.


You could see an ogre and Dowan (fast).

Vanquished Creatures
  Duvessa (D:5)
  Crazy Yiuf (D:2)
  An orc priest (D:2)
  2 hounds
  An iguana (D:4)
  A sleepcap (D:5)
  6 adders
  A shadow imp (D:5)
  A worm (D:5)
  A dart slug (D:4)
  8 orcs
  7 endoplasms
  7 goblins
  13 hobgoblins
  2 jackals (D:3)
  7 kobolds
  3 quokkas
  6 ball pythons
  3 bats
  2 frilled lizards
  7 rats
  A spectral kobold (D:3)
82 creatures vanquished.

Notes
Turn   | Place    | Note
-------+----------+-------------------------------------------
     0 | D:1      | bmack86 the Minotaur Fighter began the quest for the Orb.
     0 | D:1      | Reached XP level 1. HP: 19/19 MP: 0/0
    84 | D:1      | Reached skill level 3 in Axes
   166 | D:1      | Reached XP level 2. HP: 26/26 MP: 1/1
   487 | D:1      | Reached skill level 4 in Axes
   680 | D:2      | You fall into a shaft and drop 2 floors!
   734 | D:4      | Reached XP level 3. HP: 31/31 MP: 2/2
   817 | D:4      | Found a broken altar of Ashenzari.
   955 | D:4      | Found a stormy altar of Qazlal.
  1297 | D:2      | Reached skill level 5 in Axes
  1311 | D:2      | Reached XP level 4. HP: 24/39 MP: 3/3
  1798 | D:2      | Found a runed translucent door.
  1799 | D:2      | Noticed Crazy Yiuf
  1806 | D:2      | Killed Crazy Yiuf
  1807 | D:2      | Reached skill level 6 in Axes
  1965 | D:3      | Found a basalt altar of Yredelemnul.
  1977 | D:2      | Reached XP level 5. HP: 39/45 MP: 4/4
  1998 | D:3      | Found a hide-covered altar of Uskayaw.
  1999 | D:3      | Found a shadowy altar of Dithmenos.
  2060 | D:3      | Found a faded altar of an unknown god.
  2466 | D:4      | Reached skill level 7 in Axes
  2653 | D:4      | Found a blossoming altar of Fedhas.
  2875 | D:5      | Entered Level 5 of the Dungeon
  2889 | D:5      | Reached XP level 6. HP: 47/51 MP: 5/5
  2934 | D:5      | Found a staircase to the Ecumenical Temple.
  2945 | Temple   | Entered the Ecumenical Temple
  2964 | Temple   | Became a worshipper of Warmaster Okawaru
  3077 | D:5      | Noticed Duvessa
  3078 | D:5      | Reached skill level 8 in Axes
  3083 | D:5      | Noticed Dowan
  3092 | D:5      | Killed Duvessa
  3093 | D:5      | Reached skill level 1 in Invocations
  3093 | D:5      | HP: 1/51 [ogre/+0 giant spiked club (9)]
  3094 | D:5      | Succumbed to Duvessa's poison

Illustrated notes

Levels and vault maps discovered:
D:1:      minmay_arrival_diagonal_passages, layout_loops_cross,
          chequers_arboretum, serial_bayou_pond_b, minmay_statues_item
D:2:      layout_loops_ring, uniq_crazy_yiuf_cottage
D:3:      layout_rooms, mainiacjoe_overflow_cross_hatched,
          mainiacjoe_overflow_catwalk_spiral,
          dreamdust_ecumenical_altar_drowned_temple
D:4:      layout_basic, ashenzari_altar_1, nicolae_qazlal_general_emergency,
          lemuel_round_altar
D:5:      layout_rooms, kennysheep_slug_shrine, minmay_temple_entry_overgrown,
          uniq_duvessa
Temple:   nicolae_temple_figure_zero

Skill      XL: |  1  2  3  4  5  6 |
---------------+-------------------+-----
Axes           | 3 4 5 6 7 8 |  8.4
Invocations    | 1 |  1.2
Fighting       | |  3.6
Armour         | |  3.6
Shields        | |  3.6

Action                     |  1- 3 |  4- 6 || total
---------------------------+-------+-------++-------
  Melee: War axe           |    69 |    88 ||   157
         Headbutt          |     3 |    11 ||    14
    Use: Potion            |       |     3 ||     3
 Armour: Scale mail        |    30 |       ||    30
         Chain mail        |    10 |    43 ||    53
  Dodge: Dodged            |    32 |    41 ||    73
  Block: Buckler           |    22 |    30 ||    52
         Kite shield       |       |    10 ||    10

Table legend: (Time is in decaauts)
 A = Elapsed time spent in this place.
 B = Non-inter-level travel time spent in this place.
 C = Inter-level travel time spent in this place.
 D = Time resting spent in this place.
 E = Time spent auto-exploring this place.
 F = Levels seen in this place.
 G = Mean time per level.
                   A        B        C        D        E       F      G
               +--------+--------+--------+--------+--------+-----+--------+
         Total |   3140 |   3000 |    140 |      0 |   1807 |   6 |  523.3 |
       Dungeon |   3108 |   2979 |    129 |      0 |   1807 |   5 |  621.6 |
        Temple |     31 |     20 |     11 |      0 |      0 |   1 |   31.0 |
               +--------+--------+--------+--------+--------+-----+--------+

Top non-repeatable levels by time:
     D:4: 894 daAuts
     D:2: 846 daAuts
     D:1: 693 daAuts
     D:3: 482 daAuts
     D:5: 191 daAuts
  Temple: 31 daAuts
